 Dungeon Crawl Stone Soup version 0.31.0-12-g77e489cdc1 (webtiles) character file.

Game seed: 3534340755390230127

313 sking99 the Ruffian (level 6, -2/47 HPs)
             Began as a Demonspawn Shapeshifter on Feb 29, 2024.
             Was a Follower of Okawaru.
             Slain by an ogre
             ... wielding a +0 giant spiked club
              (28 damage)
             ... on level 4 of the Dungeon.
             The game lasted 00:06:13 (3076 turns).

sking99 the Ruffian (Demonspawn Shapeshifter)       Turns: 3076, Time: 00:06:13

Health: -2/47      AC:  8    Str: 17    XL:     6   Next: 19%
Magic:  8/8        EV:  8    Int: 10    God:    Okawaru [*.....]
Gold:   154        SH:  0    Dex: 12    Spells: 5/5 levels left

rFire   . .          .
                       - Unarmed
rCold   . . .        (no shield)
rNeg    . . .        s - +0 chain mail
rPois   .            (helmet currently unavailable)
rElec   .            (cloak currently unavailable)
rCorr   .            (gloves currently unavailable)
SInv    .            (boots unavailable)
Will    .....        (no amulet) Stlth
                     (no ring)
HPRegen 0.27/turn    (no ring)
MPRegen 0.11/turn

%: no passive effects
@: beast-form
A: beast (slay +1), hooves 3
a: Begin Untransformation, Renounce Religion, Heroism


You were on level 4 of the Dungeon.
You worshipped Okawaru.
Okawaru was aware of your devotion.
You were a hulking beast.
You visited 1 branch of the dungeon, and saw 4 of its levels.

You collected 154 gold pieces.

Inventory:

Armour
 h - a +0 pair of gloves
 p - a +0 helmet
 s - a +0 chain mail (worn)
Jewellery
 l - an amulet of reflection
Talismans
 c - a beast talisman
 d - a flux talisman
 t - a maw talisman
Scrolls
 b - a scroll of vulnerability {unknown}
 f - 3 scrolls of identify {unknown}
 k - a scroll of noise {unknown}
 m - 2 scrolls of teleportation {unknown}
 q - a scroll of brand weapon {unknown}
Potions
 a - a potion of degeneration {unknown}
 e - a potion of curing {unknown}
 g - a potion of might {unknown}
 i - a potion of enlightenment {unknown}
 j - 2 potions of heal wounds {unknown}
 n - 2 potions of ambrosia {unknown}
 o - a potion of resistance {unknown}
 r - a potion of haste {unknown}


   Skills:
 + Level 3.1 Fighting
 + Level 0.0 Armour
 + Level 2.4 Dodging
 * Level 4.8 Unarmed Combat
 - Level 3.0 Invocations
 - Level 2.6 Shapeshifting


You had 5 spell levels left.
You didn't know any spells.
Your spell library was empty.

Dungeon Overview and Level Annotations

Branches:
Dungeon (4/15)
 Temple: D:4-7

Altars:
Okawaru

Annotations:
D:4 3 runed translucent doors, unihiutale's ghost, amateur OpDe


Innate Abilities, Weirdness & Mutations

You are a hulking beast.
Your limbs bulge with bestial killing power. (Slay +1)
You have hooves in place of feet.


Message History

The slug dart hits you.
The giant cockroach waves its antennae.
The gnoll attacks as it pursues you! The gnoll hits you but does no damage.
A kobold comes into view. It is wielding a +0 short sword.
The dart slug enters a dispersal trap!
The gnoll blinks!
The giant cockroach blinks!
The gnoll blinks! x2; The kobold blinks!
The gnoll blinks!
You blink.
A hound comes into view.
The kobold moves out of view.
The hound barks!
You hit the hound but do no damage. The hound closely misses you.
You barely miss the hound. Your kick misses the hound. The hound bites you.
An ogre comes into view. It is wielding a +0 giant spiked club.
The hound barely misses you.
You hit the hound. Your kick misses the hound.
The hound is moderately wounded.
The hound bites you.
A ball python comes into view.
The ball python hisses angrily.
You hit the hound. Your kick misses the hound.
The hound is heavily wounded.
The hound bites you but does no damage.
You punch the hound! Your kick misses the hound.
The hound is almost dead.
The hound barely misses you.
The gnoll hits you from afar with a +0 spear.
The hound bites you. The hound closely misses you.
The gnoll attacks as it pursues you!
The gnoll hits you from afar with a +0 spear.
The hound barely misses you. The gnoll hits you but does no damage.
The hound bites you but does no damage. The gnoll barely misses you.
Things that are here:
a +0 short sword; a kobold corpse The hound attacks as it pursues you!
The hound bites you. The gnoll attacks as it pursues you!
The gnoll hits you from afar with a +0 spear.
The ogre hits you with a +0 giant spiked club!!
Ouch! That really hurt!
You die...

... .#.#.(...#...<#........#
... ...#...(.+....#.#......#
§.. #..#(....+....#.......####
.§. #..#..(.W+..........#<...##
...##..#(...♣#.....#..........#
..§S#..#.....#....###.......###
....w..#######.....##..#.....#
..g§..##.....####...##.##....#
...##...B>g(..Shh............#
..# #.........gOS.####..#...##
.. ###.##.........###..#~..# ..
#..§####.......#...#~~.# #
##................##8~.#
...##..#..........#~~.#
.#...#.#.........##~..# .#
g.............###..## . ...
.............#


You could see an ogre, a hound, 2 gnolls and 2 ball pythons.

Vanquished Creatures
  A hound (D:2)
  An iguana (D:3)
  Natasha (thrice) (D:3)
  7 gnolls (D:3)
  4 adders
  3 ribbon worms
  An orc (D:3)
  6 endoplasms
  2 giant cockroaches (D:2)
  3 goblins
  4 hobgoblins
  3 jackals (D:2)
  10 kobolds
  3 quokkas
  9 ball pythons
  8 bats
  5 frilled lizards
  4 rats
77 creatures vanquished.

Notes
Turn   | Place    | Note
-------+----------+-------------------------------------------
     0 | D:1      | sking99 the Demonspawn Shapeshifter began the quest for the
                  | Orb.
     0 | D:1      | Reached XP level 1. HP: 15/15 MP: 1/1
   299 | D:1      | Reached skill level 3 in Unarmed Combat
   369 | D:1      | Discovered your monstrous ancestry.
   369 | D:1      | Gained mutation: You have large cloven feet. [demonic
                  | ancestry]
   369 | D:1      | Reached XP level 2. HP: 20/21 MP: 2/2
   386 | D:1      | You fall into a shaft and drop 1 floor!
  1028 | D:2      | Reached XP level 3. HP: 13/27 MP: 3/3
  1178 | D:2      | Reached skill level 4 in Unarmed Combat
  1178 | D:2      | Gained mutation: You have hoof-like feet. [demonic
                  | ancestry]
  1178 | D:2      | Reached XP level 4. HP: 34/34 MP: 4/4
  1433 | D:2      | Found a faded altar of an unknown god.
  1500 | D:2      | Prayed at the altar of an unknown god.
  1500 | D:2      | Became a worshipper of Warmaster Okawaru
  1500 | D:2      | Reached * piety under Okawaru
  1746 | D:2      | Reached skill level 1 in Invocations
  1998 | D:3      | Noticed Natasha
  2002 | D:3      | Killed Natasha
  2006 | D:3      | Reached XP level 5. HP: 30/39 MP: 3/7
  2071 | D:3      | Noticed Natasha
  2076 | D:3      | Killed Natasha
  2312 | D:3      | Noticed Natasha
  2318 | D:3      | Killed Natasha
  2371 | D:3      | Gained mutation: You have hooves in place of feet. [demonic
                  | ancestry]
  2371 | D:3      | Reached XP level 6. HP: 25/47 MP: 8/8
  3028 | D:4      | Found a runed translucent gate.
  3028 | D:4      | Found a runed translucent gate.
  3028 | D:4      | Found a runed translucent gate.
  3029 | D:4      | Noticed unihiutale's ghost (amateur OpDe)
  3076 | D:4      | Slain by an ogre

Illustrated notes

Levels and vault maps discovered:
D:1:      eino_arrival_cavern_a, layout_basic
D:2:      layout_loops_ring, chequers_ecumenical_altar_island,
          grunt_decor_one_mirror, minivault_23, minmay_pentomino_z4
D:3:      layout_loops_ring, mrwooster_statue_mirror, minmay_misc_feat_rows,
          uniq_natasha
D:4:      cheibrodos_fertilizer, layout_cave_pools, ebering_ghost_rock_garden,
          moated_statue, chequers_jeans, uniq_pikel

Skill      XL: |  1  2  3  4  5 |
---------------+----------------+-----
Unarmed Combat | 3 4 |  4.8
Fighting       | 2 3 |  3.1
Invocations    | 3 |  3.0
Dodging        | 2 |  2.4
Shapeshifting  | |  2.6

Action                     |  1- 3 |  4- 6 || total
---------------------------+-------+-------++-------
  Melee: Unarmed           |    74 |   141 ||   215
         Kick              |     8 |    36 ||    44
         Punch             |       |     4 ||     4
 Invoke: Heroism           |       |     2 ||     2
    Use: Potion            |     2 |       ||     2
 Armour: Animal skin       |    37 |    41 ||    78
         Skin              |     2 |       ||     2
         Chain mail        |       |    19 ||    19
  Dodge: Dodged            |    45 |    99 ||   144
